 Dungeon Sprint DCSS version 0.29-a0-998-g1987434951 (webtiles) character file.

Game seed: 13895183444097744659

2786 tbh1313 the Swashbuckler (level 9, -9/135 HPs)
             Began as a Minotaur Berserker on Aug 5, 2022.
             Was an Elder of Trog.
             Mangled by a gargoyle
             ... wielding a +0 mace
              (17 damage)
             ... in the Dungeon (Sprint I: "Red Sonja").
             The game lasted 00:04:56 (1041 turns).

tbh1313 the Swashbuckler (Minotaur Berserker)       Turns: 1041, Time: 00:04:57

Health: -9/135     AC:  7    Str: 22    XL:     9   Next: 43%
Magic:  8/8        EV: 14    Int:  8    God:    Trog [****..]
Gold:   261        SH:  0    Dex: 10    Spells: 8/8 levels left

rFire   . . .      SeeInvis .   k - +1 dagger (vamp)
rCold   . . .      Faith    .   (no shield)
rNeg    . . .      Spirit   .   j - +0 ring mail
rPois   .          Reflect  .   (helmet restricted)
rElec   .          Harm     .   (no cloak)
rCorr   .          Rampage  .   (no gloves)
Will    .....      NoTele   +   (no boots)
Stlth   ..........              (no amulet)
HPRegen 0.32/turn               (no ring)
MPRegen 0.11/turn               (no ring)

@: berserking, very quick
A: horns 2, retaliatory headbutt
a: Renounce Religion, Berserk, Trog's Hand, Brothers in Arms


You were in the Dungeon.
You worshipped Trog.
Trog was greatly pleased with you.
You visited 1 branch You collected 513 gold pieces.
You spent 252 gold pieces at shops.

Inventory:

Hand Weapons
 k - a +1 vampiric dagger (weapon)
Armour
 b - a +0 animal skin
 j - a +0 ring mail (worn)
Wands
 i - a wand of roots (6)
Scrolls
 a - a scroll of brand weapon {unknown}
 h - a scroll of blinking
Potions
 d - 2 potions of heal wounds
 e - a potion of haste
 f - 2 potions of magic
 g - a potion of berserk rage
 l - a potion of might


   Skills:
 + Level 11.9 Fighting
 - Level 16.0 Short Blades
 - Level 7.8 Axes
 - Level 10.0 Armour
 - Level 10.0 Dodging


You had 8 spell levels left.
You didn't know any spells.
Your spell library was empty.

Dungeon Overview and Level Annotations

Branches:
Dungeon (1/1)

Altars:
Cheibriados
Dithmenos
Elyvilon
Fedhas
Gozag
Hepliaklqana
Kikubaaqudgha
Makhleb
Nemelex Xobeh
Okawaru
Qazlal
Ru
Sif Muna
Trog
Uskayaw
Vehumet
Wu Jian
Xom
Yredelemnul
Zin
The Shining One
Jiyva
Lugonu

Shops:
D =!


Innate Abilities, Weirdness & Mutations

You have a pair of horns on your head.
You reflexively headbutt those who attack you in melee.


Message History

You puncture the demonic crawler!
You kill the demonic crawler!
Trog accepts your kill.
You can now call in reinforcements.
Training target 16.0 for Short Blades reached!
Your Short Blades skill increases to level 16!
You need to enable at least one skill for training.
A gargoyle comes into view. It is wielding a +0 mace.
The demonic crawler closely misses you.
The demonic crawler hits you but does no damage.
The demonic crawler hits you.
There is an open door here.
You see here a demonic crawler corpse.
You barely miss the demonic crawler. You hit the demonic crawler.
You headbutt the demonic crawler!
The demonic crawler is moderately wounded.
The demonic crawler barely misses you. The demonic crawler hits you. x2
You puncture the demonic crawler!
The demonic crawler is heavily wounded.
You hit the demonic crawler. You headbutt the demonic crawler!
The demonic crawler is severely wounded.
The demonic crawler hits you. The demonic crawler hits you!
* * * LOW HITPOINT WARNING * * *
The demonic crawler hits you.
* * * LOW HITPOINT WARNING * * *
The gargoyle hits you with a +0 mace!
* * * LOW HITPOINT WARNING * * *
You puncture the demonic crawler!
The demonic crawler is almost dead.
You are too berserk!
You puncture the demonic crawler!
The demonic crawler is almost dead.
The demonic crawler barely misses you. You furiously retaliate!
You headbutt the demonic crawler!
You kill the demonic crawler!
Trog accepts your kill.
Your Fighting skill increases to level 11!
You puncture the gargoyle!
The gargoyle is moderately damaged.
The gargoyle hits you with a +0 mace!
You die...

#################
#..'..#__#..')..#
').#..'..'..#)..##+#
#####'#__####...@†.#
#...#)#### #####9.+
#..##.# '## ##)#_.+
☼○ .'..._# .°○
##_.#+# #°°○ ###'#
○☼°# ###.## ..##
.'...+


You could see a gargoyle.

Levels and vault maps discovered:
D:        dungeon_sprint_1 [red_sonja_temple_1, red_sonja_temple_small_1]

Notes
Turn   | Place    | Note
-------+----------+-------------------------------------------
     0 | D        | tbh1313 the Minotaur Berserker began the quest for the Orb.
     0 | D        | Reached XP level 1. HP: 19/19 MP: 0/0
     1 | D        | Noticed Ijyb
    10 | D        | Killed Ijyb
    11 | D        | Reached XP level 2. HP: 8/26 MP: 1/1
   260 | D        | Noticed an ogre
   264 | D        | Killed an ogre
   265 | D        | Reached skill level 7 in Short Blades
   265 | D        | Reached XP level 3. HP: 31/31 MP: 2/2
   265 | D        | Reached XP level 4. HP: 39/39 MP: 3/3
   297 | D        | Noticed Sigmund
   308 | D        | Killed Sigmund
   308 | D        | Reached ** piety under Trog
   309 | D        | Reached skill level 12 in Short Blades
   309 | D        | Reached XP level 5. HP: 45/45 MP: 4/4
   309 | D        | Reached XP level 6. HP: 51/51 MP: 5/5
   358 | D        | Found an ornate altar of the Wu Jian Council.
   358 | D        | Found a shimmering blue altar of Sif Muna.
   360 | D        | Found a radiant altar of Vehumet.
   368 | D        | Reached skill level 5 in Fighting
   432 | D        | Found Cehoimua's Distillery.
   432 | D        | Found an ancient bone altar of Kikubaaqudgha.
   432 | D        | Found a hazy altar of Hepliaklqana.
   432 | D        | Found a stormy altar of Qazlal.
   432 | D        | Found a hide-covered altar of Uskayaw.
   432 | D        | Found a blossoming altar of Fedhas.
   432 | D        | Found a bloodstained altar of Trog.
   432 | D        | Found an iron altar of Okawaru.
   432 | D        | Found a basalt altar of Yredelemnul.
   432 | D        | Found a glowing golden altar of the Shining One.
   432 | D        | Found a snail-covered altar of Cheibriados.
   432 | D        | Found a sacrificial altar of Ru.
   432 | D        | Found a glowing silver altar of Zin.
   432 | D        | Found a shadowy altar of Dithmenos.
   432 | D        | Found a white marble altar of Elyvilon.
   432 | D        | Noticed a yak
   445 | D        | Killed a yak
   450 | D        | Found an opulent altar of Gozag.
   451 | D        | Found a sparkling altar of Nemelex Xobeh.
   582 | D        | Bought 2 potions of might for 112 gold pieces
   582 | D        | Bought a potion of heal wounds for 70 gold pieces
   582 | D        | Bought a potion of heal wounds for 70 gold pieces
   588 | D        | Noticed Sonja
   602 | D        | Killed Sonja
   603 | D        | Reached skill level 10 in Fighting
   603 | D        | Reached XP level 7. HP: 14/72 MP: 6/6
   847 | D        | Found Tong's Jewellery Boutique.
   874 | D        | Found a burning altar of Makhleb.
   874 | D        | Found a viscous altar of Jiyva.
   874 | D        | Found a shimmering altar of Xom.
   874 | D        | Found a corrupted altar of Lugonu.
   874 | D        | Noticed a slime creature
   886 | D        | Killed a slime creature
   886 | D        | Reached *** piety under Trog
   887 | D        | Reached XP level 8. HP: 68/79 MP: 7/7
   945 | D        | Noticed a kobold demonologist
   952 | D        | Noticed a kobold demonologist
   953 | D        | Noticed an ice devil
   960 | D        | Noticed a hellwing
   965 | D        | Killed a kobold demonologist
   966 | D        | Reached skill level 10 in Armour
   966 | D        | Reached skill level 10 in Dodging
   974 | D        | Killed a kobold demonologist
   974 | D        | Reached **** piety under Trog
   975 | D        | Reached skill level 13 in Short Blades
  1011 | D        | Noticed a demonic crawler
  1011 | D        | Noticed a demonic crawler
  1011 | D        | Noticed a demonic crawler
  1011 | D        | Noticed a demonic crawler
  1016 | D        | Killed a demonic crawler
  1017 | D        | Reached skill level 14 in Short Blades
  1017 | D        | Reached XP level 9. HP: 76/85 MP: 8/8
  1029 | D        | Killed a demonic crawler
  1030 | D        | Reached skill level 15 in Short Blades
  1033 | D        | Killed a demonic crawler
  1034 | D        | Reached skill level 16 in Short Blades
  1034 | D        | Noticed a gargoyle
  1038 | D        | HP: 8/129 [gargoyle/+0 mace (13)]
  1040 | D        | Killed a demonic crawler
  1041 | D        | Mangled by a gargoyle

Table legend: (Time is in decaauts)
 A = Elapsed time spent in this place.
 B = Non-inter-level travel time spent in this place.
 C = Inter-level travel time spent in this place.
 D = Time resting spent in this place.
 E = Time spent auto-exploring this place.
 F = Levels seen in this place.
 G = Mean time per level.
                   A        B        C        D        E       F      G
               +--------+--------+--------+--------+--------+-----+--------+
         Total |   1045 |   1026 |     19 |    806 |      0 |   1 | 1045.0 |
       Dungeon |   1045 |   1026 |     19 |    806 |      0 |   1 | 1045.0 |
               +--------+--------+--------+--------+--------+-----+--------+

Top non-repeatable levels by time:
       D: 1045 daAuts

Table legend:
 A = Kills in this place as a percentage of kills in entire the game.
 B = Kills by you in this place as a percentage of kills by you in the entire game.
 C = Kills by friends in this place as a percentage of kills by friends in the entire game.
 D = Other kills in this place as a percentage of other kills in the entire game.
 E = Experience gained in this place as a percentage of experience gained in the entire game.
 F = Experience gained in this place divided by the number of levels of this place that you have seen.
                   A       B       C       D       E      F
               +-------+-------+-------+-------+-------+----------------------
         Total | 100.0 | 100.0 |   N/A |   N/A | 100.0 | 3981.0
       Dungeon | 100.0 | 100.0 |   N/A |   N/A | 100.0 | 3981.0
               +-------+-------+-------+-------+-------+----------------------

Action                   |  1- 3 |  4- 6 |  7- 9 || total
-------------------------+-------+-------+-------++-------
Melee: Hand axe          |     8 |       |       ||     8
       Dagger            |     3 |    27 |    64 ||    94
       Headbutt          |     2 |     3 |    14 ||    19
       Punch             |       |       |     1 ||     1
Invok: Berserk           |     2 |     2 |     2 ||     6
       Trog's Hand       |       |     1 |     2 ||     3
       Brothers in Arms  |       |       |     1 ||     1
Evoke: Wand              |       |     2 |     1 ||     3
  Use: Potion            |       |     3 |       ||     3
Armor: Ring mail         |       |     5 |    16 ||    21
Dodge: Dodged            |     2 |    21 |    39 ||    62

Vanquished Creatures
  Sonja (D)
  2 kobold demonologists (D)
  4 demonic crawlers (D)
  Sigmund (D)
  A slime creature (D)
  A yak (D)
  A floating eye (D)
  An ogre (D)
  A jelly (D)
  Ijyb (D)
14 creatures vanquished.
